 Dungeon Crawl Stone Soup version 0.29-a0-371-g91724d5b39 (webtiles) character file.

Game seed: 5032909676315784185

11 spaghetti the Sneak (level 2, 21/21 (22) HPs)
             Began as a Demonspawn Brigand on May 3, 2022.
             Was an Initiate of Ashenzari.
             Quit the game on level 1 of the Dungeon.
             The game lasted 00:01:20 (741 turns).

spaghetti the Sneak (Demonspawn Brigand)             Turns: 741, Time: 00:01:21

HP:   21/21 (22)    AC:  3    Str: 11    XL:     2   Next: 17%
MP:   2/2           EV: 12    Int: 12    God:    Ashenzari [......]
Gold: 53            SH:  0    Dex: 14    Spells: 1/1 levels left

rFire   . . .      SeeInvis .   (no weapon)
rCold   . . .      Faith    .   (no shield)
rNeg    . . .      Spirit   .   b - +0 robe
rPois   .          Reflect  .   (no helmet)
rElec   .          Harm     .   c - +0 cloak "Tethered Boredom" {Alch, Cun} (curse)
rCorr   .          Rampage  .   (no gloves)
Will    .....                   (no boots)
Stlth   +++.......              (no amulet)
HPRegen 0.07/turn               (no ring)
MPRegen 0.08/turn               (no ring)

@: lightly drained
A: claws 1
a: Renounce Religion, Shatter the Chains


You were on level 1 of the Dungeon.
You worshipped Ashenzari.
Ashenzari was noncommittal.
You visited 1 branch of the dungeon, and saw 1 of its levels.

You collected 53 gold pieces.


Innate Abilities, Weirdness & Mutations

You have sharp fingernails.


   Skills:
 - Level 2.0 Fighting
 - Level 1.7 Short Blades
 - Level 1.7 Throwing
 - Level 0.8(1.1) Dodging
 - Level 4.1(4.6) Stealth
 + Level 0.2 Unarmed Combat


You had one spell level left.
You didn't know any spells.
Your spell library was empty.

Inventory:

Hand Weapons
 a - a +2 dagger {short}
 j - a +0 dagger {short}
   (You took it off a goblin on level 1 of the Dungeon)
 k - a +0 spear {polearm}
   (You found it on level 1 of the Dungeon)
 l - a +0 club {mace}
   (You took it off a goblin on level 1 of the Dungeon)
 m - a +0 mace {mace}
   (You found it on level 1 of the Dungeon)
 n - a +0 spear {polearm}
   (You found it on level 1 of the Dungeon)
Missiles
 d - 9 poisoned darts (quivered) {throwing}
 e - 3 curare-tipped darts {=fthrowing}
Armour
 b - a +0 robe (worn)
 c - the cursed +0 cloak "Tethered Boredom" (worn) {Alch, Cun}

   It has a curse which improves the following skills: Alchemy: Poison Magic and
   Transmutations.
   Cunning:   Dodging and Stealth.
Scrolls
 g - 2 scrolls of amnesia {unknown}
Potions
 f - a potion of flight {unknown}
 h - a potion of curing {unknown}
 i - a potion of lignification {unknown}

Dungeon Overview and Level Annotations

Branches:
Dungeon (1/15)

Altars:
Ashenzari

.......b..# .......(..#
..........## #
........... .. .
..........# #... #
........# #..
#.....###.######
######..@..#........#####
...........#.............
########..##.........####
#######'##.............
#......................
#.........##.#####.....
#.........##.# #.####
#.........##+## #.#
#.........#...# #.#


You could see a bat (asleep).


Message History

Really attack while wielding nothing? [Y]es or [N]o only, please.
Really attack while wielding nothing? [Y]es or [N]o only, please.
Really attack while wielding nothing? [Y]es or [N]o only, please.
Really attack while wielding nothing? [Y]es or [N]o only, please.
Really attack while wielding nothing? [Y]es or [N]o only, please.
Really attack while wielding nothing? [Y]es or [N]o only, please.
Really attack while wielding nothing? [Y]es or [N]o only, please.
Really attack while wielding nothing? [Y]es or [N]o only, please.
Really attack while wielding nothing? [Y]es or [N]o only, please.
Really attack while wielding nothing? [Y]es or [N]o only, please.
Really attack while wielding nothing? [Y]es or [N]o only, please.
Really attack while wielding nothing?
You scratch the endoplasm. The endoplasm barely misses you.
You scratch the endoplasm. The endoplasm freezes you.
You are frozen. 😕 HP[-3]
You take 3 damage, and now have 19/22 hp.
You scratch the endoplasm but do no damage.
The endoplasm freezes you.
You are frozen. 😮 HP[-5]
You take 5 damage, and now have 14/22 hp.
MASSIVE DAMAGE!! (PAUSE)
You scratch the endoplasm.
You kill the endoplasm!
You enter the shallow water.
Moving in this stuff is going to be slow.
A spectral kobold comes into view.
The spectral kobold hits you.
You feel drained.
There is a faded altar of an unknown god here. 😮 HP[-1]
You now have 21 max hp (-1).
Unknown command.
Press < or > to pray at altars.
You scratch the spectral kobold. The spectral kobold closely misses you.
You scratch the spectral kobold.
The spectral kobold closely misses you. 😮 HP[+1]
You closely miss the spectral kobold. The spectral kobold closely misses you.
You scratch the spectral kobold.
The spectral kobold completely misses you.
You scratch the spectral kobold but do no damage.
The spectral kobold completely misses you.
You scratch the spectral kobold but do no damage.
The spectral kobold hits you but does no damage.
You barely miss the spectral kobold. The spectral kobold barely misses you.
You scratch the spectral kobold.
You destroy the spectral kobold!
You cannot tell which god this altar belongs to.
Convert to them anyway?
Ashenzari accepts your prayer! Ashenzari welcomes you!
Ashenzari warns you of distant threats and treasures.
Ashenzari reveals the structure of the dungeon to you.
Ashenzari shows you where magical portals lie.
Unknown command.
Press < or > to pray at altars.
Ashenzari invites you to partake of a vision and a curse of alchemy and cunning.
Okay, then.
You don't have any such object.
Curse which item? (Esc to abort) (? for menu, Esc to quit)
That's the wrong kind of item! (Use * to select it.) Curse which item? (Esc to abort) (? for menu, Esc to quit)
Okay, then.
Unknown command.
Press < or > to pray at altars.
Your +0 cloak glows black for a moment. 😮 HP[+1] Unknown command.
Press < or > to pray at altars.
Okay, then.
Key pressed, stopping explore.
You enter the shallow water.
Moving in this stuff is going to be slow.
You enter the shallow water.
Moving in this stuff is going to be slow.
You enter the shallow water.
Moving in this stuff is going to be slow.
Key pressed, stopping explore.
Key pressed, stopping explore.
l - a +0 club {mace} 😎 HP[+6]
Your hp is fully restored (21).
You see here a +0 robe.
m - a +0 mace {mace} You open the door.
n - a +0 spear {polearm} You open the door.
There is an open door here.
A bat comes into view.
Are you sure you want to abandon this character and quit the game? (Confirm with "yes".)

Skill      XL: |  1 |
---------------+----+-----
Stealth        | 4 |  4.1
Fighting       | |  2.0
Short Blades   | |  1.7
Throwing       | |  1.7
Dodging        | |  0.8
Unarmed Combat | |  0.2

Action                   || total
-------------------------++-------
Melee: Dagger            ||    19
       Unarmed           ||    12
Invok: Curse Item        ||     1
 Stab: Sleeping          ||     3
Armor: Robe              ||    10
Dodge: Dodged            ||    13

Levels and vault maps discovered:
D:1:      lightli_arrival_quake, layout_basic,
          dreamdust_ecumenical_altar_drowned_temple

Notes
Turn   | Place    | Note
-------+----------+-------------------------------------------
     0 | D:1      | spaghetti the Demonspawn Brigand began the quest for the
                  | Orb.
     0 | D:1      | Reached XP level 1. HP: 16/16 MP: 1/1
     0 | D:1      | magus.rc [v1.9.6]
   264 | D:1      | Reached skill level 4 in Stealth
   451 | D:1      | Gained mutation: You have sharp fingernails. [demonic
                  | ancestry]
   451 | D:1      | Reached XP level 2. HP: 21/22 MP: 2/2
   495 | D:1      | Found a faded altar of an unknown god.
   522 | D:1      | Prayed at the altar of an unknown god.
   522 | D:1      | Became a worshipper of Ashenzari the Shackled
   741 | D:1      | Quit the game

Vanquished Creatures
  3 endoplasms (D:1)
  A giant cockroach (D:1)
  2 goblins (D:1)
  A ball python (D:1)
  2 bats (D:1)
  A rat (D:1)
  A spectral kobold (D:1)
11 creatures vanquished.

Table legend:
 A = Non-vault XP
 B = Vault XP
 C = Vault XP percentage of total XP
 D = Non-vault monster count
 E = Vault monster count
 F = Vault count percentage of total count
                 A         B        C        D         E       F
            +---------+---------+-------+---------+---------+-------
      Total |      16 |       1 |   5.9 |      10 |       1 |   9.1
            +---------+---------+-------+---------+---------+-------
        D:1 |      16 |       1 |   5.9 |      10 |       1 |   9.1
            +---------+---------+-------+---------+---------+-------

Illustrated notes

Table legend:
 A = Kills in this place as a percentage of kills in entire the game.
 B = Kills by you in this place as a percentage of kills by you in the entire game.
 C = Kills by friends in this place as a percentage of kills by friends in the entire game.
 D = Other kills in this place as a percentage of other kills in the entire game.
 E = Experience gained in this place as a percentage of experience gained in the entire game.
 F = Experience gained in this place divided by the number of levels of this place that you have seen.
                   A       B       C       D       E      F
               +-------+-------+-------+-------+-------+----------------------
         Total | 100.0 | 100.0 |   N/A |   N/A | 100.0 |  17.0
       Dungeon | 100.0 | 100.0 |   N/A |   N/A | 100.0 |  17.0
               +-------+-------+-------+-------+-------+----------------------

Table legend: (Time is in decaauts)
 A = Elapsed time spent in this place.
 B = Non-inter-level travel time spent in this place.
 C = Inter-level travel time spent in this place.
 D = Time resting spent in this place.
 E = Time spent auto-exploring this place.
 F = Levels seen in this place.
 G = Mean time per level.
                   A        B        C        D        E       F      G
               +--------+--------+--------+--------+--------+-----+--------+
         Total |    744 |    744 |      0 |      0 |    652 |   1 |  744.0 |
       Dungeon |    744 |    744 |      0 |      0 |    652 |   1 |  744.0 |
               +--------+--------+--------+--------+--------+-----+--------+

Top non-repeatable levels by time:
     D:1: 744 daAuts
